AoeStats
← Whitebear

Arena

510809472Analyzed
2v2 RM · 11h ago on Oct 2, 2026· 43m 30s· 4 players
Game mode
Random Map
Map size
Medium (4 player)
Population
200
Speed
Normal
Resources
Standard
Victory
Conquest
Starting age
Dark Age
Ending age
Imperial Age
RankedLock teamsTeams togetherTeam positionsShared explorationLock speedFull tech treeHidden civsTurbo modeCheats
Victory
Defeat
🇩🇪 Sicilians · Germany
1454
+12
🇸🇮 Chinese · Slovenia
1425
+14
🇨🇳 Spanish · China
1384
-13
🇨🇦 Cumans · Canada
1366
-13
Sir Winsalot
0:26 Loom
9:59 Feudal Age
14:01 Castle Age
12:13 Double-Bit Axe
14:56 Bow Saw
16:42 Horse Collar
20:33 Wheelbarrow
21:33 Gold Mining
24:17 Gold Shaft Mining
24:17 Heavy Plow
24:41 Fletching
25:53 Hand Cart
29:22 Imperial Age
26:53 Bodkin Arrow
26:58 Padded Archer Armor
26:49 Town Watch
27:18 Stone Mining
28:39 Leather Archer Armor
29:21 Ballistics
30:10 Bracer
30:40 Ring Archer Armor
31:13 Chemistry
30:45 Conscription
30:59 Ring Archer Armor
30:32 Heavy Rocket Cart
32:14 Crossbowman
32:59 Thumb Ring
33:12 Arbalester
37:14 Masonry
39:34 Town Patrol
Speck Blatter
10:23 Feudal Age
14:08 Castle Age
12:35 Double-Bit Axe
12:34 Horse Collar
18:53 Wheelbarrow
18:31 Bow Saw
19:16 Gold Mining
22:16 Heavy Plow
23:41 Scale Mail Armor
24:24 Fletching
25:29 Bodkin Arrow
26:50 Scale Barding Armor
29:19 Imperial Age
27:37 Padded Archer Armor
27:01 Crossbowman
29:33 Ballistics
29:51 Leather Archer Armor
30:49 Bloodlines
30:55 Arbalester
31:42 Bracer
31:15 Pikeman
31:55 Squires
32:13 Chain Mail Armor
32:09 Forging
33:21 Chemistry
39:59 Iron Casting
40:48 Halberdier
Whitebear
7:37 Loom
9:54 Feudal Age
10:36 Double-Bit Axe
12:37 Horse Collar
20:59 Castle Age
19:25 Scale Mail Armor
20:22 Wheelbarrow
20:17 Forging
21:28 Gold Mining
21:26 Capped Ram
22:21 Bow Saw
22:18 Heavy Plow
23:12 Gold Shaft Mining
23:16 Hand Cart
22:47 Town Watch
23:24 Pikeman
24:33 Chain Mail Armor
25:11 Iron Casting
24:40 Stone Mining
30:13 Imperial Age
29:25 Bloodlines
29:09 Light Cavalry
30:07 Scale Barding Armor
31:20 Chain Barding Armor
30:22 Elite Steppe Lancer
32:06 Blast Furnace
32:01 Plate Mail Armor
31:47 Steppe Husbandry
33:03 Conscription
34:02 Plate Barding Armor
35:25 Hoardings
36:15 Hussar
38:36 Chemistry
37:56 Ballistics
37:47 Masonry
37:44 Fletching
38:34 Bodkin Arrow
40:07 Murder Holes
riverzlc
11:08 Feudal Age
12:16 Double-Bit Axe
12:15 Horse Collar
15:04 Castle Age
16:58 Gold Mining
20:50 Wheelbarrow
25:06 Loom
27:35 Hand Cart
27:29 Scale Barding Armor
27:35 Forging
28:20 Bloodlines
28:10 Husbandry
32:47 Imperial Age
30:40 Chain Barding Armor
30:56 Iron Casting
30:51 Stone Mining
30:57 Light Cavalry
35:27 Plate Barding Armor
36:31 Blast Furnace
34:55 Hussar
37:34 Fletching
37:44 Padded Archer Armor
38:41 Bodkin Arrow
40:35 Leather Archer Armor
40:21 Bracer
41:28 Elite Skirmisher
Connection lost

Rejoining the realm…

Still unreachable

The connection could not be restored.

Session expired

The server has moved on; the page needs a fresh start.